Map: Ever Dream LE

Players

LiquidMaNa (MaNa)

  • Race: Protoss Protoss
  • League: Grandmaster
  • Spawn Location: 7:00

DnS - Winner!

  • Race: Protoss Protoss
  • Spawn Location: 1:00

Event: DreamHack SC2 Masters 2020 Summer Europe

VOD

Have the link to the VOD?

Description

Time

  • Played on: July 5, 2020, 1:40 p.m.
  • Length: 11:24

All games in this series

Show
View Real Time Build Order
Export as new Build Order

LiquidMaNa Protoss 

Build Orders:  

Get SALT Encoding   

  12  0:00  Probe  
  13  0:12  Probe  
  14  0:16  Pylon  
  14  0:24  Probe  
  15  0:32  Probe  
  15  0:36  Gateway  
  15  0:40  Probe  
  16  0:47  Assimilator  
  17  0:52  Probe  
  18  0:57  Assimilator  
  18  1:00  Probe  
  19  1:08  Gateway, Probe  
  20  1:18  Probe  
  20  1:24  Cybernetics Core  
  21  1:30  Probe  
  22  1:35  Pylon  
  22  1:42  Probe  
  23  1:52  Warp Gate  
  23  2:01  Adept  
  25  2:03  Adept  
  27  2:08  Pylon  
  27  2:26  Probe  
  28  2:31  Adept  
  28  2:33  Adept  
  32  2:45  Nexus  
  32  2:54  Robotics Facility  
  32  3:02  Adept  
  34  3:07  Adept  
  36  3:14  Pylon  
  36  3:17  Probe  
  37  3:28  Shield Battery  
  37  3:29  Probe  
  38  3:36  Observer  
  38  3:41  Adept  
  38  3:45  Adept, Probe  
  44  3:58  Probe  
  41  4:10  Probe  
  41  4:16  Probe  
  42  4:19  Stalker x2, Probe  
  48  4:24  Probe  
  48  4:26  Twilight Council  
  48  4:27  Probe  
  50  4:42  Immortal  
  54  4:46  Stalker  
  54  4:49  Stalker  
  54  4:51  Probe  
  54  4:52  Probe  
  60  4:57  Blink  
  56  5:08  Observer, Probe x2  
  58  5:14  Sentry x2  
  62  5:24  Pylon  
  62  5:42  Immortal, Assimilator, Probe x2  
  68  5:44  Assimilator  
  67  5:50  Phoenix  
  67  5:54  Probe x2  
  69  6:00  Gateway  
  69  6:01  Gateway  
  69  6:06  Probe  
  70  6:13  Pylon  
  70  6:16  Pylon  
  70  6:24  Pylon  
  70  6:26  Warp Prism  
  70  6:30  Pylon  
  70  6:31  Probe x2  
  74  6:35  Stalker x2  
  78  6:43  Probe  
  80  6:56  Gateway  
  80  6:57  Gateway  
  80  6:59  Gateway  
  80  7:00  Gateway  
  79  7:02  Stalker  
  77  7:09  Stalker  
  79  7:22  Probe x2  
  81  7:31  Templar Archives, Charge  
  81  7:34  Probe x2  
  83  7:46  Probe x2  
  83  7:50  Forge  
  85  7:55  Protoss Ground Weapons Level 1  
  85  7:58  Immortal, Probe x2  
  91  8:08  High Templar x4  
  91  8:10  Probe  
  100  8:14  Archon x2  
  100  8:23  Pylon  
  100  8:46  High Templar x2  
  100  8:47  Zealot x4  
  110  8:50  Archon  
  110  8:55  Nexus  
  110  8:59  Pylon  
  107  9:11  Probe x2  
  107  9:13  Pylon  
  109  9:19  High Templar x2  
  109  9:20  Zealot x2  
  109  9:23  Archon  
  117  9:25  Probe  
  118  9:31  Probe  
  119  9:45  High Templar x2  
  123  10:01  Probe x2  
  123  10:02  Robotics Bay  
  123  10:05  Assimilator  
  123  10:06  Robotics Facility  
  125  10:09  Probe  
  125  10:13  Probe x2  
  125  10:14  Zealot x6  
  130  10:16  Archon  
  130  10:18  Assimilator  
  75  10:46  Stalker x8  
  47  11:09  Stalker x2  
  47  11:10  Stalker x2  
Show
View Real Time Build Order
Export as new Build Order

DnS Protoss - Winner!

Build Orders: Oracle Opening, Zealot Archon 

Get SALT Encoding   

  12  0:00  Probe  
  13  0:12  Probe  
  14  0:17  Pylon  
  14  0:24  Probe  
  15  0:32  Probe  
  15  0:36  Gateway  
  15  0:40  Probe  
  16  0:45  Assimilator  
  17  0:51  Probe  
  17  0:53  Assimilator  
  18  0:59  Probe  
  19  1:06  Gateway  
  19  1:07  Probe  
  19  1:17  Probe  
  20  1:23  Cybernetics Core  
  21  1:29  Probe  
  22  1:33  Pylon  
  22  1:41  Probe  
  23  1:53  Probe  
  24  1:59  Stalker x2  
  24  2:00  Warp Gate  
  28  2:08  Pylon  
  28  2:19  Pylon  
  28  2:27  Stargate  
  28  2:31  Stalker  
  28  2:36  Stalker  
  32  3:02  Oracle  
  32  3:03  Nexus  
  32  3:06  Probe  
  36  3:19  Probe  
  37  3:23  Pylon  
  37  3:29  Shield Battery  
  37  3:31  Oracle, Probe  
  41  3:45  Probe  
  42  3:54  Stalker  
  42  4:09  Stalker  
  44  4:11  Probe  
  44  4:14  Probe  
  44  4:20  Shield Battery  
  44  4:22  Probe  
  44  4:23  Probe  
  45  4:30  Probe  
  46  4:35  Probe  
  48  4:41  Stalker x2  
  48  4:42  Probe  
  53  4:47  Probe  
  53  4:48  Pylon  
  53  4:52  Cybernetics Core  
  54  4:54  Probe  
  54  4:59  Probe  
  56  5:06  Probe  
  57  5:07  Sentry x2  
  57  5:12  Twilight Council, Probe  
  62  5:18  Probe  
  63  5:24  Assimilator x2, Probe  
  64  5:29  Pylon  
  64  5:30  Probe  
  64  5:33  Forge  
  65  5:36  Probe  
  65  5:39  Charge  
  66  5:46  Protoss Ground Weapons Level 1, Probe  
  67  5:52  Robotics Facility  
  67  6:04  Gateway  
  67  6:07  Gateway  
  67  6:08  Gateway x2  
  67  6:19  Gateway  
  67  6:21  Gateway  
  67  6:25  Probe x2  
  69  6:35  Templar Archives, Zealot x2  
  69  6:39  Pylon  
  73  6:49  Phoenix  
  75  6:55  Pylon  
  75  6:58  Pylon  
  75  7:00  Nexus  
  75  7:12  Photon Cannon x2  
  75  7:13  Shield Battery, High Templar x2, Zealot x3  
  75  7:14  Zealot  
  87  7:17  Archon  
  87  7:27  High Templar x2  
  91  7:32  Archon  
  91  7:34  Protoss Ground Weapons Level 2  
  91  7:42  Observer  
  91  7:47  Nexus, Pylon  
  91  7:51  Zealot x2  
  96  8:02  Zealot x3  
  102  8:05  Pylon  
  102  8:07  Pylon  
  102  8:09  Warp Prism  
  104  8:20  High Templar x2  
  104  8:21  Zealot  
  104  8:25  Archon  
  110  8:37  High Templar  
  110  8:38  High Templar, Zealot x3  
  121  8:41  Probe x2  
  121  8:42  Archon  
  121  8:45  Shield Battery  
  121  8:48  Shield Battery  
  122  8:52  Shield Battery  
  122  8:54  Zealot x2  
  126  9:17  High Templar x2  
  126  9:18  Zealot x2  
  126  9:21  Pylon  
  126  9:22  Gateway, Archon  
  126  9:23  Observer  
  135  9:25  Gateway  
  135  9:28  Zealot  
  135  9:29  Zealot  
  139  9:34  Photon Cannon  
  139  9:37  Pylon  
  139  9:38  Pylon  
  139  9:45  Warp Prism  
  138  9:54  High Templar x2  
  138  9:55  Zealot x3  
  138  9:58  Archon  
  148  10:00  Zealot x2  
  148  10:01  Zealot  
  154  10:18  Stalker x4  
  160  10:26  Zealot x3  
  131  10:43  High Templar  
  131  10:44  High Templar, Zealot x4  
  129  10:51  Zealot x8  
Tags
 
Add a new tag
Caveats
  • Supply blocks, unpowered buildings, or Contaminate may cause inaccurate times.
  • Supply counts are checked every 10 seconds.